Map: Last Fantasy LE

Players

belugadragon

  • Race: Protoss Protoss
  • Spawn Location: 3:00

novalgin - Winner!

  • Race: Terran Terran
  • League: Diamond
  • Spawn Location: 12:00

VOD

Have the link to the VOD?

Description

Time

  • Played on: Aug. 30, 2025, 1:12 a.m.
  • Length: 26:36
Show
View Real Time Build Order
Export as new Build Order

belugadragon Protoss 

Build Orders: Archon Immortal 

Get SALT Encoding   

  12  0:01  Probe  
  13  0:14  Pylon  
  13  0:17  Probe  
  14  0:28  Probe  
  15  0:36  Probe, Gateway  
  16  0:45  Probe  
  17  0:51  Assimilator  
  17  0:56  Probe  
  18  1:06  Probe  
  19  1:11  Pylon  
  19  1:14  Probe  
  19  1:23  Probe  
  19  1:25  Cybernetics Core, Zealot  
  23  1:35  Probe  
  23  1:37  Assimilator  
  24  1:47  Probe  
  25  1:54  Zealot  
  18  2:01  Warp Gate  
  27  2:03  Probe  
  28  2:19  Nexus  
  28  2:23  Zealot  
  30  2:32  Pylon  
  30  2:41  Twilight Council  
  31  2:44  Probe  
  31  2:56  Zealot  
  33  2:58  Pylon  
  33  3:08  Shield Battery  
  33  3:10  Shield Battery  
  33  3:17  Charge  
  33  3:20  Probe  
  34  3:28  Probe  
  35  3:38  Probe  
  35  3:40  Gateway  
  36  3:42  Probe  
  37  3:50  Probe x2  
  39  3:58  Robotics Facility  
  39  4:01  Zealot  
  39  4:02  Probe  
  42  4:04  Probe  
  43  4:13  Probe  
  43  4:14  Probe  
  45  4:23  Stalker  
  47  4:31  Gateway  
  47  4:33  Gateway  
  47  4:37  Pylon  
  47  4:40  Pylon  
  47  4:42  Stalker  
  47  4:45  Probe x2  
  51  4:50  Zealot  
  53  4:57  Probe  
  53  4:58  Immortal  
  58  5:05  Probe  
  59  5:09  Probe  
  59  5:12  Stalker x2  
  64  5:21  Probe  
  64  5:25  Probe  
  64  5:26  Assimilator  
  64  5:28  Assimilator  
  66  5:29  Probe  
  67  5:37  Observer, Probe  
  69  5:44  Zealot x4  
  69  5:45  Pylon  
  69  5:47  Pylon  
  77  5:50  Probe  
  78  6:03  Probe x2  
  80  6:07  Nexus  
  80  6:11  Pylon  
  80  6:14  Pylon  
  80  6:15  Probe  
  80  6:17  Probe  
  69  6:27  Probe  
  69  6:30  Probe  
  71  6:37  Probe  
  72  6:40  Forge  
  72  6:42  Probe, Forge  
  72  6:44  Forge  
  72  6:46  Probe  
  73  6:54  Probe  
  75  7:13  Protoss Ground Weapons Level 1  
  75  7:18  Templar Archives, Protoss Ground Armor Level 1  
  75  7:19  Protoss Shields Level 1  
  75  7:23  Zealot  
  75  7:24  Zealot x3  
  83  7:34  Immortal  
  83  7:35  Probe  
  87  7:38  Probe  
  89  7:50  Probe  
  90  7:56  High Templar  
  90  7:57  High Templar x3  
  98  8:04  Archon x2  
  98  8:13  Immortal  
  102  8:23  Gateway  
  102  8:25  Gateway  
  102  8:28  Photon Cannon  
  102  8:32  Photon Cannon  
  102  8:34  Photon Cannon  
  102  8:35  Zealot x3  
  102  8:36  Zealot  
  102  8:40  Probe x2  
  112  8:47  Probe, Pylon  
  113  8:51  Pylon  
  113  8:52  Probe x2  
  115  8:59  Probe  
  115  9:00  High Templar x3  
  122  9:08  Archon  
  122  9:11  Zealot  
  124  9:19  Photon Cannon  
  124  9:20  Photon Cannon  
  124  9:23  Photon Cannon  
  124  9:25  Photon Cannon  
  124  9:29  Pylon  
  124  9:33  Assimilator  
  124  9:36  Assimilator  
  124  9:37  Immortal  
  128  9:40  Zealot  
  128  9:42  Photon Cannon  
  128  9:44  Photon Cannon  
  130  9:47  Protoss Ground Weapons Level 2  
  130  9:49  Photon Cannon  
  130  9:50  Protoss Ground Armor Level 2, Photon Cannon  
  130  10:11  Zealot x4  
  130  10:12  Zealot x2  
  142  10:22  Protoss Shields Level 2  
  142  10:36  Zealot x3  
  116  10:50  Zealot x3  
  112  10:57  Photon Cannon  
  112  11:03  Photon Cannon  
  110  11:10  Zealot x4  
  102  11:12  Zealot  
  102  11:13  Zealot  
  100  11:27  Immortal  
  104  11:36  Zealot x2  
  104  11:37  Zealot x4  
  116  11:57  Probe  
  116  11:58  Probe x2  
  119  12:03  Robotics Facility  
  119  12:04  Robotics Facility  
  119  12:09  Photon Cannon x2, Probe  
  119  12:10  Probe  
  121  12:17  High Templar x5  
  121  12:18  High Templar  
  121  12:21  Archon  
  121  12:22  Archon x2  
  133  12:26  Robotics Bay  
  133  12:27  Protoss Ground Armor Level 3  
  133  12:30  Protoss Ground Weapons Level 3  
  133  12:31  Pylon  
  133  12:33  Pylon  
  133  12:36  Pylon  
  133  12:47  Protoss Shields Level 3  
  133  13:05  Zealot x2  
  133  13:06  Zealot  
  139  13:26  Pylon  
  139  13:28  Pylon, Stalker x3  
  139  13:29  Stalker  
  139  13:31  Pylon  
  139  13:33  Nexus  
  77  13:49  Immortal  
  77  13:50  Immortal  
  77  13:53  Zealot x4  
  77  13:54  Zealot x2  
  97  14:14  Photon Cannon  
  97  14:17  Photon Cannon  
  97  14:20  Photon Cannon  
  97  14:21  Probe x3  
  100  14:24  High Templar x2  
  100  14:25  High Templar x4, Photon Cannon  
  100  14:31  Archon x3  
  112  14:33  Probe  
  113  14:50  Colossus  
  119  14:53  Extended Thermal Lance  
  119  15:02  Assimilator  
  119  15:04  Zealot x4  
  119  15:05  Zealot x2  
  119  15:06  Assimilator  
  131  15:14  Colossus  
  131  15:18  Immortal  
  141  15:31  Zealot  
  141  15:32  Zealot x3  
  141  15:33  Zealot  
  97  16:19  Zealot x6  
  109  16:28  Immortal  
  109  16:31  Immortal x2  
  121  16:41  Zealot x2  
  121  16:42  Zealot x4  
  133  16:51  Gravitic Boosters  
  133  17:12  Immortal, Cybernetics Core  
  137  17:15  Stargate  
  137  17:17  High Templar  
  137  17:18  Stargate, High Templar x5  
  137  17:22  Archon x3  
  149  17:27  Observer x2  
  150  17:59  Photon Cannon, Stalker  
  150  18:00  Photon Cannon, Stalker x4  
  150  18:02  Protoss Air Weapons Level 1, Photon Cannon  
  150  18:03  Photon Cannon x2  
  160  18:12  Pylon  
  160  18:15  Probe x3  
  160  18:16  Pylon  
  163  18:25  High Templar x3  
  163  18:26  High Templar x3  
  175  18:27  Probe  
  175  18:40  Probe x3  
  162  18:52  Probe x2  
  163  19:10  Photon Cannon  
  163  19:12  Photon Cannon  
  163  19:16  Stalker x2  
  167  19:18  Photon Cannon  
  167  19:19  Photon Cannon  
  167  19:21  Photon Cannon  
  167  19:35  Pylon  
  167  19:37  Pylon  
  166  19:42  Pylon  
  166  20:00  Probe x3  
  166  20:01  Photon Cannon  
  166  20:04  Archon x3  
  166  20:06  Photon Cannon  
  166  20:07  Photon Cannon  
  169  20:12  Probe  
  170  20:35  Shield Battery  
  170  20:38  Nexus  
  170  20:39  Shield Battery  
  170  20:43  Pylon, Shield Battery  
  170  20:45  Pylon  
  170  20:48  Probe, Pylon  
  170  20:49  Probe  
  172  20:51  Pylon  
  172  20:54  Pylon  
  172  21:06  Phoenix  
  172  21:07  Phoenix  
  165  21:38  Phoenix x2  
  161  21:48  Photon Cannon  
  161  21:49  Photon Cannon  
  161  21:50  Photon Cannon  
  161  22:21  Assimilator  
  161  22:25  Photon Cannon  
  161  22:29  Probe x2  
  163  22:31  Photon Cannon  
  163  22:35  Assimilator  
  163  22:37  Photon Cannon  
  163  22:38  Photon Cannon  
  163  22:39  Photon Cannon  
  163  22:42  Photon Cannon  
  163  22:44  High Templar x4, Photon Cannon  
  163  22:45  High Templar  
  163  22:49  Photon Cannon  
  173  23:06  Pylon  
  173  23:07  Archon x2  
  173  23:30  Phoenix x2  
  177  23:46  Protoss Air Armor Level 1  
  120  24:08  Fleet Beacon  
  120  24:34  Pylon  
  120  24:36  Pylon  
  120  24:39  Pylon  
  120  24:41  Pylon  
  120  24:43  Nexus  
  120  24:56  Tempest x2  
  128  25:05  Photon Cannon x2  
  128  25:06  Photon Cannon  
  128  25:08  Photon Cannon  
  128  25:12  Photon Cannon  
  128  25:13  Photon Cannon  
  128  25:14  Photon Cannon, Shield Battery  
  128  25:15  Shield Battery  
  128  25:19  Pylon  
  128  25:24  High Templar x5  
  128  25:25  High Templar  
  140  25:31  Archon x3  
  81  26:18  Zealot x2  
  81  26:19  Zealot x4  
  61  26:33  Unknown  
Show
View Real Time Build Order
Export as new Build Order

novalgin Terran - Winner!

Build Orders: Mech 

Get SALT Encoding   

  12  0:01  SCV  
  13  0:13  SCV  
  14  0:24  Supply Depot  
  14  0:28  SCV  
  15  0:41  Refinery  
  15  0:46  Barracks  
  15  0:48  SCV  
  16  0:55  Supply Depot  
  16  1:01  SCV  
  17  1:13  SCV  
  18  1:36  Command Center  
  18  1:45  Barracks Tech Lab  
  18  1:54  Orbital Command  
  18  2:06  Factory  
  18  2:13  Marauder  
  20  2:22  SCV  
  21  2:35  Refinery  
  21  2:40  SCV  
  22  2:52  Orbital Command  
  22  2:56  SCV  
  23  3:02  Cyclone  
  26  3:10  Mag-Field Accelerator  
  26  3:13  Orbital Command  
  26  3:25  SCV  
  27  3:31  Command Center  
  27  3:39  SCV  
  28  3:46  Cyclone  
  31  3:51  SCV  
  32  3:57  Starport  
  32  4:02  SCV  
  33  4:05  SCV  
  34  4:16  SCV  
  35  4:18  Factory  
  35  4:21  SCV  
  36  4:31  Widow Mine  
  38  4:34  SCV, Medivac  
  41  4:45  Orbital Command  
  41  4:46  SCV  
  41  4:48  Armory  
  41  4:49  SCV  
  43  4:55  Widow Mine  
  43  4:58  SCV  
  46  5:01  SCV  
  46  5:04  Factory Tech Lab  
  46  5:05  Armory  
  47  5:17  Refinery  
  47  5:18  Refinery  
  47  5:22  Siege Tank  
  47  5:26  SCV  
  47  5:27  SCV  
  52  5:38  SCV  
  52  5:39  SCV  
  54  5:49  Terran Vehicle Weapons Level 1  
  54  5:50  SCV  
  54  5:51  SCV, Barracks Tech Lab  
  54  5:56  Terran Vehicle And Ship Armor Level 1  
  56  6:02  SCV  
  56  6:03  SCV  
  58  6:05  Siege Tank  
  61  6:21  SCV  
  58  6:26  Drilling Claws  
  58  6:27  Siege Tank  
  61  6:33  Command Center  
  61  6:42  Supply Depot  
  61  6:43  Supply Depot  
  61  6:44  Supply Depot  
  61  6:48  Supply Depot  
  61  6:49  Supply Depot  
  61  7:04  Siege Tank, SCV  
  61  7:05  Siege Tank  
  68  7:14  Orbital Command  
  68  7:16  SCV  
  68  7:17  Factory  
  68  7:18  Factory  
  69  7:28  SCV  
  70  7:41  Siege Tank x2  
  70  7:42  SCV  
  77  7:54  SCV  
  78  8:05  Refinery x2  
  78  8:06  SCV  
  79  8:15  Terran Vehicle Weapons Level 2  
  79  8:16  Terran Vehicle And Ship Armor Level 2  
  79  8:17  Starport Tech Lab  
  79  8:18  SCV  
  80  8:22  Armory, Factory Reactor  
  80  8:29  Widow Mine x3  
  80  8:30  SCV  
  87  8:50  Siege Tank, Widow Mine  
  87  8:51  Factory  
  92  8:59  Siege Tank, Command Center  
  92  9:00  Command Center  
  97  9:03  Widow Mine x2  
  97  9:06  Medivac  
  103  9:24  Widow Mine x2  
  103  9:26  Engineering Bay  
  103  9:29  Thor  
  111  9:32  Infernal Pre-Igniter  
  111  9:36  Medivac, Factory Tech Lab  
  113  9:40  Cloaking Field  
  113  9:43  Terran Ship Weapons Level 1  
  115  9:45  Widow Mine  
  115  9:52  Planetary Fortress  
  115  9:59  Sensor Tower  
  115  10:08  Missile Turret  
  115  10:11  Missile Turret, Widow Mine, Hellion  
  119  10:20  Widow Mine  
  119  10:21  Widow Mine x3  
  127  10:33  Hellion x2  
  131  10:37  Terran Vehicle Weapons Level 3  
  131  10:41  Thor  
  131  10:42  Widow Mine x2  
  105  10:54  Hellion x2  
  105  10:57  Siege Tank  
  92  11:03  Siege Tank x2  
  75  11:14  Banshee  
  64  11:27  Siege Tank  
  64  11:29  Siege Tank  
  68  11:36  Refinery x2  
  68  11:40  Siege Tank  
  68  11:42  Hellion  
  68  11:43  Hellion  
  68  11:46  SCV  
  76  11:56  Siege Tank  
  76  11:58  SCV  
  80  12:04  Hellion x2  
  84  12:10  SCV  
  84  12:11  Banshee  
  88  12:15  Terran Ship Weapons Level 2  
  88  12:25  Hellion x2  
  88  12:28  Orbital Command  
  92  12:30  Planetary Fortress, Refinery  
  92  12:47  Hellion x2  
  96  13:06  Banshee  
  96  13:08  Widow Mine, Hellion  
  96  13:09  Siege Tank x2, Thor  
  96  13:11  Siege Tank  
  118  13:17  SCV  
  120  13:27  SCV  
  120  13:28  SCV  
  120  13:29  SCV, Hellion x2  
  109  13:38  Hyperflight Rotors  
  109  13:39  SCV  
  93  13:46  Siege Tank x3  
  99  13:51  Widow Mine x2  
  103  14:01  Terran Vehicle And Ship Armor Level 3  
  103  14:12  Widow Mine, Hellion  
  103  14:15  Starport  
  107  14:20  Starport  
  107  14:33  Widow Mine  
  107  14:34  Widow Mine  
  111  14:45  SCV  
  111  14:50  Terran Ship Weapons Level 3  
  112  14:55  Widow Mine x2  
  112  14:58  SCV  
  117  15:05  Neosteel Armor  
  117  15:10  SCV  
  118  15:22  SCV, Starport Tech Lab x2  
  118  15:24  Banshee  
  122  15:34  SCV  
  123  15:44  SCV  
  123  15:48  Widow Mine x2  
  123  15:49  Widow Mine x2  
  122  15:52  Banshee x2  
  122  15:56  SCV  
  115  16:07  Banshee  
  114  16:14  Widow Mine  
  116  16:43  Banshee x2  
  116  16:44  Widow Mine x2  
  126  17:01  Banshee  
  126  17:05  Widow Mine x2  
  133  17:12  Siege Tank  
  133  17:13  Orbital Command  
  133  17:14  Widow Mine  
  138  17:27  Widow Mine  
  140  17:33  Supply Depot x2  
  140  17:34  Supply Depot  
  140  17:42  Banshee  
  140  17:54  Banshee x2  
  140  17:55  Widow Mine x2  
  140  17:57  SCV  
  151  18:18  Missile Turret  
  151  18:21  Refinery  
  151  18:25  Banshee  
  154  18:28  Thor  
  154  18:30  Widow Mine  
  162  18:36  Widow Mine  
  164  18:56  Banshee  
  164  19:02  Widow Mine  
  163  19:07  Widow Mine  
  162  19:15  Terran Infantry Weapons Level 1  
  162  19:22  Banshee  
  162  19:26  Banshee  
  162  19:30  Supply Depot  
  162  19:37  Thor  
  162  19:38  Banshee  
  162  19:57  Starport x2  
  162  19:59  Starport  
  162  20:00  Starport  
  162  20:02  Thor  
  162  20:05  Banshee  
  171  20:13  Supply Depot  
  171  20:32  Banshee x2  
  177  20:37  Command Center  
  177  20:47  Banshee  
  177  20:49  Starport Tech Lab x4  
  180  21:02  Thor  
  186  21:09  Terran Infantry Armor Level 1  
  186  21:13  Thor  
  186  21:15  Banshee  
  195  21:32  Raven  
  194  21:33  Barracks Tech Lab  
  191  22:00  Ghost Academy  
  191  22:04  Barracks  
  191  22:06  Barracks  
  191  22:08  Barracks  
  191  22:10  Barracks x2  
  191  22:12  Ghost Academy  
  188  22:32  Personal Cloaking  
  188  22:40  Planetary Fortress  
  188  22:52  Barracks Tech Lab  
  188  22:53  Barracks Tech Lab  
  188  22:56  Barracks Tech Lab  
  188  22:58  Missile Turret, Barracks Tech Lab  
  188  22:59  Missile Turret  
  188  23:02  Barracks Tech Lab  
  188  23:03  Hi-Sec Auto Tracking, Ghost  
  179  23:34  Thor  
  179  23:35  Thor  
  179  23:37  Ghost x2  
  188  24:00  Terran Infantry Weapons Level 2  
  176  24:03  SCV  
  177  24:15  SCV  
  178  24:17  Ghost x3  
  178  24:18  Ghost  
  190  24:27  SCV  
  190  24:30  Refinery  
  190  24:31  Refinery  
  191  24:35  Hellion x2  
  195  24:46  Stimpack, Combat Shield  
  195  24:47  Concussive Shells  
  195  24:56  Hellion x2  
  199  25:26  Command Center  
  199  25:33  Barracks  
  199  25:34  Barracks x3  
Tags
 
Add a new tag
Caveats
  • Supply blocks, unpowered buildings, or Contaminate may cause inaccurate times.
  • Supply counts are checked every 10 seconds.